 Dungeon Crawl Stone Soup version 0.21.1-1-g345015f (webtiles) character file.

545 Draznyth the Poker (level 7, -12/94 HPs)
             Began as a Minotaur Fighter on Apr 20, 2018.
             Splashed by Ijyb's acid (13 damage)
             ... on level 4 of the Dungeon.
             The game lasted 00:05:45 (3492 turns).

Draznyth the Poker (Minotaur Fighter)               Turns: 3492, Time: 00:05:46

Health: -12/94     AC: 19    Str: 21    XL:     7   Next: 6%
Magic:  1/6        EV:  2    Int:  7    God:
Gold:   221        SH:  0    Dex:  9    Spells: 6/6 levels left

rFire    . . .     SeeInvis .   C - +4 glaive
rCold    . . .     Gourm    .   (shield currently unavailable)
rNeg     + + +     Faith    .   (armour currently unavailable)
rPois    +         Spirit   .   (helmet currently unavailable)
rElec    .         Reflect  .   (cloak currently unavailable)
rCorr    .         Harm     .   (gloves currently unavailable)
MR       .....     NoTele   +   (boots currently unavailable)
Stlth    +.........             (no amulet)
HPRegen  0.25/turn              q - ring of positive energy
MPRegen  0.10/turn              (no ring)

@: tree-form, corroded, hasted, heavily drained, very quick
A: (retaliatory headbutt)
a: no special abilities


You were on level 4 of the Dungeon.
You were very hungry.
You were a tree.
You visited 1 branch of the dungeon, and saw 5 of its levels.

You collected 221 gold pieces.

Inventory:

Hand Weapons
 a - a +2 spear of venom
 b - a +0 hunting sling
 C - a +4 glaive (weapon)
Missiles
 g - 72 sling bullets
 h - 29 bolts
 r - 70 arrows
Armour
 c - a +0 shield
 w - a scarf of spirit shield (melded)
 y - a +0 scale mail (melded)
Jewellery
 q - a ring of positive energy (left branch)
Scrolls
 e - 6 scrolls of identify {unknown}
 i - 2 scrolls of fog {unknown}
 j - a scroll of teleportation {unknown}
 k - a scroll of fear {unknown}
 u - a scroll of enchant weapon {unknown}
 x - 2 scrolls of remove curse {unknown}
 B - a scroll of noise {unknown}
Potions
 l - a potion of flight
 n - a potion of resistance {unknown}
 o - a potion of lignification
 s - a potion of heal wounds {unknown}
 t - a potion of agility {unknown}
 v - a potion of curing {unknown}
 z - a potion of brilliance {unknown}
 A - a potion of degeneration {unknown}
Books
 d - a book of Geomancy

   Spells                             Type                      Level
   a - Sandblast                      Earth                        1
   b - Passwall                       Transmutation/Earth          2
   c - Stone Arrow                    Conjuration/Earth            3
   d - Petrify                        Transmutation/Earth          4
   e - Lee's Rapid Deconstruction     Earth                        5
Comestibles
 f - 8 rations


   Skills:
 + Level 6.3(4.7) Fighting
 * Level 7.7(6.2) Polearms
 - Level 3.6(2.2) Armour
 - Level 3.6(2.2) Shields


You had 6 spell levels left.
You didn't know any spells.

Dungeon Overview and Level Annotations

Branches:
Dungeon (5/15)
 Temple: D:4-7

Altars:
Fedhas
The Shining One

Annotations:
D:4 exclusion: oklob plant, Ijyb


Innate Abilities, Weirdness & Mutations

((You reflexively headbutt those who attack you in melee.))
((You have a pair of horns on your head.))


Message History

Ijyb is moderately wounded.
Ijyb zaps a wand.
The bolt of acid hits you!
You are splashed with acid!
The acid burns!
* * * LOW HITPOINT WARNING * * *
It was a potion of flight.
You feel very buoyant.
You fly up into the air.
Ijyb zaps a wand.
The bolt of acid hits you!
* * * LOW HITPOINT WARNING * * *
You are splashed with acid!
The acid burns!
* * * LOW HITPOINT WARNING * * *
It was a potion of lignification.
You turn into a tree.
Your scarf of spirit shield melds into your body.
Your +0 scale mail melds into your body.
You feel strangely alone.
Your roots penetrate the ground.
Ijyb hits you but does no damage.
It was a potion of haste.
You feel yourself speed up.
Ijyb zaps a wand.
The bolt of acid hits you!
* * * LOW HITPOINT WARNING * * *
The acid corrodes you!
You are splashed with acid!
The acid burns!
You die...

#######.# #.......#
#.#####.# #.# #.#
###### #.# #.# #....#
#.# ###.# #.##.# #.#
#...# #.##.# #.#
#g#######.##.##### #.#
#♣................
#.###[#######.##.#####
#.............##.#
#.###.##########.# ###
#.# #.# #.# #.# #.#
#####'## #.# #....[.#
#.# #......#


You could see Ijyb.

Vanquished Creatures
  The ghost of kinenseiburu the Stinger, an amateur HuWn (D:4)
  An ogre (D:4)
  Blork the orc (D:4)
  A howler monkey (D:4)
  2 orc wizards (D:4)
  2 worker ants (D:4)
  5 adders
  2 worms
  4 dart slugs
  A leopard gecko (D:2)
  An orc (D:5)
  2 ball pythons
  4 giant cockroaches
  7 goblins
  10 hobgoblins
  4 jackals
  4 kobolds
  A quokka (D:3)
  4 bats
  A frilled lizard (D:4)
  A quokka zombie (D:3)
  4 rats
63 creatures vanquished.

Vanquished Creatures (others)
  2 plants (D:4)
2 creatures vanquished.

Grand Total: 65 creatures vanquished

Notes
Turn   | Place    | Note
-------+----------+-------------------------------------------
     0 | D:1      | Draznyth the Minotaur Fighter began the quest for the Orb.
     0 | D:1      | Reached XP level 1. HP: 19/19 MP: 0/0
   121 | D:1      | Reached skill level 3 in Polearms
   177 | D:1      | Reached XP level 2. HP: 25/27 MP: 1/1
   861 | D:2      | Reached XP level 3. HP: 30/33 MP: 2/2
   940 | D:2      | Reached skill level 4 in Polearms
  1672 | D:3      | Reached XP level 4. HP: 30/41 MP: 3/3
  2110 | D:3      | Reached skill level 5 in Polearms
  2235 | D:3      | Found a glowing golden altar of the Shining One.
  2424 | D:4      | Noticed an ogre
  2429 | D:4      | Killed an ogre
  2429 | D:4      | Reached skill level 5 in Fighting
  2429 | D:4      | Reached XP level 5. HP: 20/48 MP: 1/4
  2705 | D:4      | Reached skill level 6 in Polearms
  2925 | D:4      | Noticed kinenseiburu's ghost (amateur HuWn)
  2939 | D:4      | Killed kinenseiburu's ghost
  2939 | D:4      | Reached skill level 7 in Polearms
  2939 | D:4      | Reached XP level 6. HP: 37/57 MP: 1/5
  3045 | D:4      | Found a blossoming altar of Fedhas.
  3066 | D:4      | Noticed an oklob plant
  3192 | D:4      | Noticed Blork the orc
  3204 | D:4      | Killed Blork the orc
  3446 | D:5      | Entered Level 5 of the Dungeon
  3463 | D:4      | Reached XP level 7. HP: 63/63 MP: 6/6
  3481 | D:5      | Noticed Ijyb
  3492 | D:4      | HP: 1/94 [Ijyb/wand of acid (4) (6)]
  3492 | D:4      | Splashed by Ijyb's acid

Skill      XL: |  1  2  3  4  5  6 |
---------------+-------------------+-----
Polearms       | 3 4 5 7 |  7.7
Fighting       | 4 5 6 |  6.3
Armour         | |  3.6
Shields        | |  3.6

Action                   |  1- 3 |  4- 6 |  7- 9 || total
-------------------------+-------+-------+-------++-------
Melee: Trident           |   106 |       |       ||   106
       Headbutt          |    17 |    16 |     1 ||    34
       Spear             |     6 |    74 |       ||    80
       Glaive            |       |     3 |     8 ||    11
  Use: Potion            |       |     1 |     3 ||     4
  Eat: Chunk             |     2 |     5 |       ||     7
Armor: Scale mail        |    45 |    15 |     1 ||    61
       Skin              |       |       |     1 ||     1
Dodge: Dodged            |    25 |    15 |     5 ||    45
Block: Shield            |    60 |    27 |       ||    87
